 Dungeon Crawl Stone Soup version 0.24.0-13-gcf9b3192b9 (webtiles) character file.

Game seed: 3762462567309375895, levelgen mode: deterministic

98 Iamsoldier the Conjurer (level 4, -7/24 HPs)
             Began as a Deep Elf Conjurer on Nov 6, 2019.
             Killed by divine providence
             ... invoked by an orc priest
              (14 damage)
             ... on level 2 of the Dungeon.
             The game lasted 00:06:06 (2624 turns).

Iamsoldier the Conjurer (Deep Elf Conjurer)         Turns: 2624, Time: 00:06:07

Health: -7/24      AC:  2    Str:  6    XL:     4   Next: 44%
Magic:  0/9        EV: 13    Int: 20    God:
Gold:   47         SH:  0    Dex: 15    Spells: 8/9 levels left

rFire    . . .     SeeInvis .   (no weapon)
rCold    . . .     Gourm    .   (no shield)
rNeg     . . .     Faith    .   a - +0 robe
rPois    .         Spirit   .   (no helmet)
rElec    .         Reflect  .   (no cloak)
rCorr    .         Harm     .   (no gloves)
MR       .....     Clarity  +   (no boots)
Stlth    ++........             (no amulet)
HPRegen  0.08/turn              (no ring)
MPRegen  0.11/turn              (no ring)

@: no status effects
A: blink, clarity, low mp 1, wild magic 1
a: Blink


You were on level 2 of the Dungeon.
You were not hungry.

You visited 1 branch of the dungeon, and saw 3 of its levels.

You collected 47 gold pieces.

Inventory:

Armour
 a - a +0 robe (worn)
Scrolls
 b - a scroll of teleportation {unknown}
 e - a scroll of fog {unknown}
 f - a scroll of immolation {unknown}
 g - 3 scrolls of fear {unknown}
 h - a scroll of remove curse {unknown}
 j - 3 scrolls of identify {unknown}
 k - a scroll of enchant weapon {unknown}
 l - a scroll of amnesia {unknown}
Potions
 i - a potion of brilliance {unknown}
 m - 2 potions of invisibility {unknown}
 n - a potion of curing {unknown}
 p - a potion of heal wounds {unknown}
Comestibles
 c - 6 rations
 o - a chunk of flesh


   Skills:
 - Level 2.5 Dodging
 - Level 2.6 Stealth
 - Level 3.1 Spellcasting
 + Level 6.4 Conjurations


You had 8 spell levels left.
You knew the following spells:

 Your Spells              Type           Power        Failure   Level  Hunger
a - Magic Dart            Conj           ####         2%          1    None

Your spell library contained the following spells:

 Spells                   Type           Power        Failure   Level  Hunger
 Searing Ray              Conj           #####.       3%          2    ##.....
 Iskenderun's Mystic Bla  Conj           #####...     14%         4    ####...
 Dazzling Spray           Conj/Hex       ###...       17%         3    ###....
 Force Lance              Conj/Tloc      ###.....     45%         4    ####...
 Fulminant Prism          Conj/Hex       ###.......   45%         4    ####...


Dungeon Overview and Level Annotations

Branches:
Dungeon (3/15)

Altars:
Dithmenos


Innate Abilities, Weirdness & Mutations

You can translocate small distances at will.
You possess an exceptional clarity of mind.
Your magical capacity is low. (-10% MP)
Your spells are a little harder to cast, but a little more powerful.


Message History

Confirm with . or Enter, or press ? or * to list all spells.
Aiming: Magic Dart (safe; 1% risk of failure)
Press: ? - help, Shift-Dir - straight line, f/p - orc priest
Aim: an orc priest, wielding a +0 hand axe and wearing a cursed +0 chain mail (lightly wounded)
The magic dart hits the orc priest.
The orc priest is heavily wounded.
The orc priest miscasts a cantrip.
There is a stone staircase leading up here.
The orc priest hits you but does no damage.
You climb upwards.
There is a stone staircase leading down here.
Okay, then.
Okay, then.
It was a potion of mutation.
You feel extremely strange.
You feel less energetic.
Your thoughts seem clearer.
You feel jittery.
You feel less in control of your magic.
The orc priest invokes the aid of Beogh against you.
Beogh smites you!
Ouch! That really hurt!
You die...

....##.###.#..##.# #.##.#######
........##.##.##.# #.#.........
...........##..#.#######..#######
.#...........(.#..........# #.
.#..##.######..#.#######..######.
.#..##.## #....#######.........
........# #.#...........##.###.
........#####.#o..#######.##.# #.
................@.......#.##.# #.
.#..#.....(.......#######.##.# #.
....#....#######..#######.##.# ##
.#..#....#######.............#
..................#.......####
.#...........###..#.#####.#
....#.#.###### #....# #.#
###.#.#.########.########.#
........................#.#


You could see an orc priest.

Vanquished Creatures
  3 adders
  An ooze (D:1)
  A worm (D:2)
  4 dart slugs
  6 leopard geckos
  3 orcs (D:3)
  2 giant cockroaches (D:1)
  6 goblins
  2 hobgoblins
  4 jackals (D:1)
  2 kobolds (D:2)
  4 bats
  4 frilled lizards
  4 rats (D:1)
46 creatures vanquished.

Notes
Turn   | Place    | Note
-------+----------+-------------------------------------------
     0 | D:1      | Iamsoldier the Deep Elf Conjurer began the quest for the
                  | Orb.
     0 | D:1      | Reached XP level 1. HP: 10/10 MP: 6/6
    93 | D:1      | Reached XP level 2. HP: 2/15 MP: 0/8
   455 | D:1      | Reached skill level 5 in Conjurations
   978 | D:1      | Reached XP level 3. HP: 19/19 MP: 6/9
  1145 | D:1      | You fall into a shaft and drop 1 floor!
  1145 | D:2      | Found a shadowy altar of Dithmenos.
  2117 | D:2      | Reached skill level 6 in Conjurations
  2233 | D:2      | Reached XP level 4. HP: 24/24 MP: 6/10
  2624 | D:2      | Gained mutation: Your magical capacity is low. (-10% MP)
                  | [potion of mutation]
  2624 | D:2      | Gained mutation: You possess an exceptional clarity of
                  | mind. [potion of mutation]
  2624 | D:2      | Gained mutation: You can translocate small distances at
                  | will. [potion of mutation]
  2624 | D:2      | Gained mutation: Your spells are a little harder to cast,
                  | but a little more powerful. [potion of mutation]
  2624 | D:2      | Killed from afar by an orc priest

Levels and vault maps discovered:
D:1:      dpeg_arrival_rhombi, layout_basic
D:2:      layout_basic, chequers_serial_rivers_room_a, grunt_dithmenos_smoke
D:3:      layout_loops_ring, chequers_ecumenical_altar_simple_redux, trog_wizard

Skill      XL: |  1  2  3 |
---------------+----------+-----
Conjurations   | 5 6 |  6.4
Dodging        | |  2.5
Stealth        | |  2.6
Spellcasting   | |  3.1

Action                   |  1- 3 |  4- 6 || total
-------------------------+-------+-------++-------
Melee: Unarmed           |    12 |    14 ||    26
 Cast: Magic Dart        |    78 |    26 ||   104
  Use: Potion            |     1 |     1 ||     2
  Eat: Chunk             |     3 |     2 ||     5
Armor: Robe              |     3 |     1 ||     4
Dodge: Dodged            |    19 |    11 ||    30
